[Event "SRB-ch Semifinal 2022"]
[Site "Paracin"]
[Date "2022.03.17"]
[Round "1.5"]
[White "Stanojevic, Ilija"]
[Black "Stankovic, Milos"]
[Result "1/2-1/2"]
[ECO "E01"]
[WhiteElo "2155"]
[BlackElo "2412"]
[Annotator "ChessBase"]
[PlyCount "65"]
[EventDate "2022.03.17"]
[EventType "swiss"]
[EventCountry "SRB"]
[SourceTitle "playchess.com"]
[Source "ChessBase"]
[SourceQuality "1"]
[TimeControl "40/5400+30:1800+30"]

1. d4 Nf6 2. c4 e6 3. g3 d5 4. Bg2 Bb4+ 5. Nd2 a5 6. Ngf3 O-O 7. O-O b6 8. cxd5 exd5 9. Ne5 Bb7 10. Ndf3 Ne4 11. Bf4 a4 12. a3 Bd6 13. Nd2 Nd7 14. Nxe4 dxe4 15. Nxd7 Qxd7 16. Bxd6 cxd6 17. Qd2 Qb5 18. e3 Rfc8 19. Rfc1 Bd5 20. Bf1 Qb3 21. Rc3 Rxc3 22. Qxc3 Qxc3 23. bxc3 Rc8 24. Rc1 Kf8 25. Bb5 Bb3 26. Kf1 Ke7 27. Ke2 d5 28. Kd2 f5 29. h4 Kf6 30. Be2 h6 31. Rb1 Rb8 32. Bd1 Bxd1 33. Kxd1 1/2-1/2

[Event "SRB-ch Semifinal 2022"]
[Site "Paracin"]
[Date "2022.03.17"]
[Round "1.8"]
[White "Zivkovic, Nemanja"]
[Black "Radisavljevic, Dalibor"]
[Result "1-0"]
[ECO "B31"]
[WhiteElo "2380"]
[BlackElo "2150"]
[Annotator "ChessBase"]
[PlyCount "113"]
[EventDate "2022.03.17"]
[EventType "swiss"]
[EventCountry "SRB"]
[SourceTitle "playchess.com"]
[Source "ChessBase"]
[SourceQuality "1"]
[TimeControl "40/5400+30:1800+30"]

1. e4 c5 2. Nf3 Nc6 3. Bb5 g6 4. O-O Bg7 5. Re1 Nf6 6. c3 O-O 7. h3 d5 8. e5 Ne8 9. d4 cxd4 10. cxd4 Nc7 11. Bxc6 bxc6 12. Nc3 f6 13. Na4 fxe5 14. Nxe5 Qd6 15. Be3 Ne6 16. Rc1 Bd7 17. Nc5 Nxc5 18. Rxc5 Rf5 19. b4 Bxe5 20. dxe5 Rxe5 21. Bd4 Rxe1+ 22. Qxe1 Bf5 23. Be5 Qd7 24. Qc3 Rd8 25. Qd4 Qe6 26. Rc3 g5 27. Re3 Rd7 28. g4 Bg6 29. Kg2 Be4+ 30. f3 Bg6 31. Rc3 Rb7 32. Re3 a6 33. a3 Rb5 34. Bh8 Qf7 35. Rc3 h5 36. Rxc6 hxg4 37. hxg4 Rb8 38. Be5 Ra8 39. Qe3 Qe8 40. Rc1 Rc8 41. Rh1 Rc2+ 42. Kg3 Qb5 43. Qxg5 Kf7 44. Bd4 Re2 45. Rh6 Qb8+ 46. f4 Qd6 47. Be5 Qb6 48. Qf5+ Bxf5 49. Rxb6 Bd3 50. a4 Ra2 51. Rb7 Ke6 52. Bd4 Rxa4 53. Bc5 Be4 54. f5+ Kf7 55. Rxe7+ Kg8 56. Kf4 a5 57. Ra7 1-0

[Event "SRB-ch Semifinal 2022"]
[Site "Paracin"]
[Date "2022.03.17"]
[Round "1.9"]
[White "Nikolic, Zoran S"]
[Black "Djordjevic, Vuk"]
[Result "0-1"]
[ECO "E52"]
[WhiteElo "2087"]
[BlackElo "2382"]
[Annotator "ChessBase"]
[PlyCount "104"]
[EventDate "2022.03.17"]
[EventType "swiss"]
[EventCountry "SRB"]
[SourceTitle "playchess.com"]
[Source "ChessBase"]
[SourceQuality "1"]
[TimeControl "40/5400+30:1800+30"]

1. d4 Nf6 2. Nf3 e6 3. c4 b6 4. Nc3 Bb7 5. e3 Bb4 6. Bd2 O-O 7. Bd3 d5 8. O-O dxc4 9. Bxc4 Nbd7 10. a3 Bd6 11. Nb5 Be7 12. Bb4 Bxb4 13. axb4 a6 14. Nc3 b5 15. Bd3 Qe7 16. Qb3 Rfd8 17. e4 e5 18. d5 c6 19. Rfe1 Rac8 20. Rad1 Nb6 21. dxc6 Bxc6 22. Bc2 Nc4 23. Rxd8+ Rxd8 24. Na4 Nd7 25. Rd1 Rc8 26. Nc3 Ndb6 27. Nd5 Bxd5 28. exd5 g6 29. Nd2 Nxd5 30. Nxc4 bxc4 31. Qa4 Nxb4 32. Be4 Qc5 33. Bb7 Rb8 34. Qd7 Qb5 35. Be4 Qxd7 36. Rxd7 Rb5 37. Rc7 Ra5 38. g4 Nd3 39. Rxc4 Nxb2 40. Rb4 Na4 41. g5 Nc5 42. Bd5 Nd3 43. Rb8+ Kg7 44. Bc4 e4 45. h4 Ra4 46. Bd5 Rd4 47. Ba2 Nc1 48. Bb1 Ne2+ 49. Kg2 Nc3 50. Bc2 e3 51. Bb3 e2 52. Re8 Re4 0-1

[Event "SRB-ch Semifinal 2022"]
[Site "Paracin"]
[Date "2022.03.18"]
[Round "2.9"]
[White "Djokic, Mihailo"]
[Black "Tadic, Stefan"]
[Result "0-1"]
[ECO "C48"]
[WhiteElo "2279"]
[BlackElo "2336"]
[Annotator "ChessBase"]
[PlyCount "70"]
[EventDate "2022.03.17"]
[EventType "swiss"]
[EventCountry "SRB"]
[SourceTitle "playchess.com"]
[Source "ChessBase"]
[SourceQuality "1"]
[TimeControl "40/5400+30:1800+30"]

1. e4 e5 2. Nf3 Nc6 3. Nc3 Nf6 4. Bb5 Nd4 5. Ba4 Bc5 6. Nxe5 O-O 7. Nd3 Bb6 8. e5 Ne8 9. Nd5 d6 10. Ne3 c5 11. c3 Nc6 12. exd6 Qxd6 13. Qe2 Bc7 14. f4 b6 15. Qf3 Bb7 16. Ne5 Nd8 17. Qg3 Bc8 18. O-O f6 19. Bb3+ Nf7 20. Nxf7 Rxf7 21. Qf3 Rb8 22. Bxf7+ Kxf7 23. Qh5+ Kf8 24. Qxh7 Ba6 25. Nf5 Qe6 26. g3 Bxf1 27. Kxf1 Qe4 28. Qh5 Rd8 29. d4 Rd5 30. Qh8+ Kf7 31. Ne3 Qf3+ 32. Kg1 Rh5 33. Qxh5+ Qxh5 34. dxc5 bxc5 35. Bd2 Qe2 0-1

[Event "SRB-ch Semifinal 2022"]
[Site "Paracin"]
[Date "2022.03.18"]
[Round "2.10"]
[White "Zlatanovic, Boroljub"]
[Black "Gajcin, Marina"]
[Result "1/2-1/2"]
[ECO "A29"]
[WhiteElo "2338"]
[BlackElo "2254"]
[Annotator "ChessBase"]
[PlyCount "67"]
[EventDate "2022.03.17"]
[EventType "swiss"]
[EventCountry "SRB"]
[SourceTitle "playchess.com"]
[Source "ChessBase"]
[SourceQuality "1"]
[TimeControl "40/5400+30:1800+30"]

1. c4 Nf6 2. Nc3 e5 3. g3 Bb4 4. Bg2 O-O 5. Nf3 Re8 6. O-O e4 7. Nd4 Nc6 8. Nc2 Bxc3 9. dxc3 d6 10. Bg5 h6 11. Bxf6 Qxf6 12. Ne3 Bf5 13. Qd2 Bg6 14. f4 exf3 15. exf3 Qg5 16. Rae1 a5 17. Rf2 Qc5 18. f4 Be4 19. Rfe2 a4 20. Bxe4 Rxe4 21. Qd5 Rae8 22. Qxc5 dxc5 23. Kf2 Na5 24. Nd5 Rxe2+ 25. Rxe2 Rxe2+ 26. Kxe2 Nxc4 27. b3 axb3 28. axb3 Nd6 29. Nxc7 Kf8 30. Nd5 Ke8 31. Kd3 Kd7 32. Nb6+ Kc6 33. Nc4 Nxc4 34. Kxc4 1/2-1/2

[Event "SRB-ch Semifinal 2022"]
[Site "Paracin"]
[Date "2022.03.18"]
[Round "3.5"]
[White "Ratkovic, Milovan"]
[Black "Zlatanovic, Boroljub"]
[Result "1-0"]
[ECO "B06"]
[WhiteElo "2440"]
[BlackElo "2338"]
[Annotator "ChessBase"]
[PlyCount "67"]
[EventDate "2022.03.17"]
[EventType "swiss"]
[EventCountry "SRB"]
[SourceTitle "playchess.com"]
[Source "ChessBase"]
[SourceQuality "1"]
[TimeControl "40/5400+30:1800+30"]

1. d4 g6 2. e4 Bg7 3. Nc3 d6 4. Be3 c6 5. f4 d5 6. e5 h5 7. Nf3 Nh6 8. h3 Nf5 9. Bf2 h4 10. Bd3 e6 11. O-O Bf8 12. Ne2 Na6 13. a3 Nc7 14. b3 Be7 15. c4 b6 16. Qc2 Bb7 17. Rfd1 Rc8 18. c5 b5 19. b4 Kf8 20. Kh2 Ne8 21. a4 a6 22. Ra3 Neg7 23. Rda1 Kg8 24. Qd2 f6 25. axb5 axb5 26. Ra7 Ra8 27. Rxa8 Bxa8 28. Ra7 Kh7 29. Nxh4 fxe5 30. Nxf5 exf5 31. dxe5 Re8 32. Nd4 Qb8 33. Ra1 Bb7 34. g4 1-0

[Event "SRB-ch Semifinal 2022"]
[Site "Paracin"]
[Date "2022.03.18"]
[Round "3.6"]
[White "Blagojevic, Tijana"]
[Black "Stankovic, Milos"]
[Result "1/2-1/2"]
[ECO "C02"]
[WhiteElo "2260"]
[BlackElo "2412"]
[Annotator "ChessBase"]
[PlyCount "105"]
[EventDate "2022.03.17"]
[EventType "swiss"]
[EventCountry "SRB"]
[SourceTitle "playchess.com"]
[Source "ChessBase"]
[SourceQuality "1"]
[TimeControl "40/5400+30:1800+30"]

1. e4 e6 2. d4 d5 3. e5 c5 4. c3 Nc6 5. Nf3 Bd7 6. Be2 Nge7 7. Na3 cxd4 8. cxd4 Nf5 9. Nc2 Be7 10. O-O O-O 11. Bd3 Rc8 12. Rb1 Nb4 13. Nxb4 Bxb4 14. Bg5 Be7 15. Bxe7 Nxe7 16. Qb3 Nc6 17. Rfc1 Rc7 18. Rc3 h6 19. Rbc1 Qe7 20. Bb1 Rb8 21. Qc2 g6 22. h4 h5 23. Qd2 Kg7 24. Qf4 Rcc8 25. Ng5 Be8 26. g4 f6 27. exf6+ Qxf6 28. gxh5 Qxf4 29. Nxe6+ Kh6 30. Nxf4 gxh5 31. Rd1 Bf7 32. Kh2 Rg8 33. Rg3 Rbf8 34. a3 a6 35. Ba2 Ne7 36. Rdg1 Nf5 37. Rxg8 Rxg8 38. Rxg8 Bxg8 39. Kh3 Nxd4 40. Bxd5 Bxd5 41. Nxd5 Kg6 42. Nf4+ Kh6 43. Nd3 b6 44. Nf4 b5 45. Nd5 Kg6 46. Kg3 Nf5+ 47. Kf4 a5 48. b4 axb4 49. axb4 Nxh4 50. Nc3 Ng2+ 51. Kg3 Ne1 52. Nxb5 Nd3 53. Nd4 1/2-1/2

[Event "SRB-ch Semifinal 2022"]
[Site "Paracin"]
[Date "2022.03.18"]
[Round "3.7"]
[White "Radovanovic, Nikola"]
[Black "Rabrenovic, Vladan"]
[Result "1-0"]
[ECO "C54"]
[WhiteElo "2413"]
[BlackElo "2299"]
[Annotator "ChessBase"]
[PlyCount "73"]
[EventDate "2022.03.17"]
[EventType "swiss"]
[EventCountry "SRB"]
[SourceTitle "playchess.com"]
[Source "ChessBase"]
[SourceQuality "1"]
[TimeControl "40/5400+30:1800+30"]

1. e4 e5 2. Nf3 Nc6 3. Bc4 Bc5 4. c3 Nf6 5. d3 d6 6. Nbd2 a6 7. Bb3 O-O 8. h3 h6 9. Nf1 Re8 10. Ng3 Ba7 11. O-O Be6 12. Re1 Bxb3 13. Qxb3 b5 14. Be3 Qd7 15. Bxa7 Rxa7 16. d4 Rb7 17. Rad1 Qc8 18. Qc2 g6 19. Qc1 Kh7 20. Nh4 b4 21. f4 bxc3 22. bxc3 Ng8 23. fxe5 dxe5 24. d5 Nd8 25. c4 c5 26. Qc3 f6 27. Rb1 Ree7 28. Qa5 Rec7 29. Rxb7 Rxb7 30. Qxa6 Qc7 31. Rd1 Ra7 32. Qb5 Nf7 33. Qe8 Qe7 34. Qc8 Rc7 35. Qg4 g5 36. Qf5+ Kg7 37. Nh5+ 1-0

[Event "SRB-ch Semifinal 2022"]
[Site "Paracin"]
[Date "2022.03.18"]
[Round "3.8"]
[White "Gajcin, Marina"]
[Black "Djordjevic, Vuk"]
[Result "1/2-1/2"]
[ECO "C02"]
[WhiteElo "2254"]
[BlackElo "2382"]
[Annotator "ChessBase"]
[PlyCount "81"]
[EventDate "2022.03.17"]
[EventType "swiss"]
[EventCountry "SRB"]
[SourceTitle "playchess.com"]
[Source "ChessBase"]
[SourceQuality "1"]
[TimeControl "40/5400+30:1800+30"]

1. e4 e6 2. d4 d5 3. e5 c5 4. c3 Nc6 5. Nf3 Qb6 6. a3 Nh6 7. b4 cxd4 8. cxd4 Nf5 9. Bb2 Bd7 10. g4 Nfe7 11. Nc3 Na5 12. Qc2 Nc4 13. Bxc4 dxc4 14. Nd2 Qc6 15. Nce4 c3 16. Qxc3 Nd5 17. Qxc6 Bxc6 18. f3 Nf4 19. Bc3 Be7 20. Kf2 h5 21. g5 Nh3+ 22. Ke3 Nxg5 23. Rhg1 Nxe4 24. Nxe4 g6 25. a4 O-O 26. b5 Bd5 27. Rgc1 f5 28. exf6 Bxf6 29. Bb4 Rf7 30. Nxf6+ Rxf6 31. f4 Rf7 32. Ra3 a6 33. Rac3 axb5 34. Rc8+ Rxc8 35. Rxc8+ Kg7 36. axb5 g5 37. Bd6 gxf4+ 38. Bxf4 h4 39. Be5+ Kh7 40. Rh8+ Kg6 41. Bf4 1/2-1/2

[Event "SRB-ch Semifinal 2022"]
[Site "Paracin"]
[Date "2022.03.18"]
[Round "3.9"]
[White "Arsovic, Zoran"]
[Black "Martic, Ivan"]
[Result "1-0"]
[ECO "A29"]
[WhiteElo "2360"]
[BlackElo "2287"]
[Annotator "ChessBase"]
[PlyCount "79"]
[EventDate "2022.03.17"]
[EventType "swiss"]
[EventCountry "SRB"]
[SourceTitle "playchess.com"]
[Source "ChessBase"]
[SourceQuality "1"]
[TimeControl "40/5400+30:1800+30"]

1. Nf3 d5 2. g3 Nc6 3. Bg2 e5 4. d3 Nf6 5. O-O Be7 6. c4 O-O 7. cxd5 Nxd5 8. Nc3 Nb6 9. Be3 Be6 10. a3 f6 11. Rc1 Nd4 12. Ne4 Qd7 13. Nfd2 Na4 14. Bxd4 exd4 15. Nf3 Rfd8 16. Qc2 Rac8 17. b3 Nb6 18. b4 c5 19. Nxc5 Bxc5 20. bxc5 Na4 21. Qd2 Nxc5 22. Qb4 b6 23. h4 Kh8 24. Rfe1 Rb8 25. Rb1 Ba2 26. Rb2 Bf7 27. Kh2 Be6 28. Qd2 Qd6 29. Rb4 Bg8 30. Rxd4 Qe7 31. Rxd8 Rxd8 32. Qb4 Qc7 33. Rc1 a5 34. Qb1 Qd6 35. Nd2 Na4 36. Nc4 Qd4 37. Qb3 Nc5 38. Qxb6 Rc8 39. Kg1 Rd8 40. Nxa5 1-0

[Event "SRB-ch Semifinal 2022"]
[Site "Paracin"]
[Date "2022.03.19"]
[Round "4.1"]
[White "Zajic, Milan"]
[Black "Pap, Misa"]
[Result "0-1"]
[ECO "B32"]
[WhiteElo "2450"]
[BlackElo "2372"]
[Annotator "ChessBase"]
[PlyCount "62"]
[EventDate "2022.03.17"]
[EventType "swiss"]
[EventCountry "SRB"]
[SourceTitle "playchess.com"]
[Source "ChessBase"]
[SourceQuality "1"]
[TimeControl "40/5400+30:1800+30"]

1. e4 c5 2. Nf3 Nc6 3. d4 cxd4 4. Nxd4 e5 5. Nb5 d6 6. N1c3 a6 7. Na3 b5 8. Nd5 Nge7 9. Bd3 Rb8 10. c4 Nxd5 11. exd5 Nd4 12. O-O Be7 13. Be3 bxc4 14. Nxc4 O-O 15. Bxd4 exd4 16. Qf3 a5 17. Qe4 g6 18. Qxd4 Ba6 19. Rab1 Bf6 20. Qa7 Bxc4 21. Bxc4 Bxb2 22. Bb3 Ba3 23. Ba4 Rxb1 24. Rxb1 Bc5 25. Qd7 Qg5 26. Bb3 Qd2 27. Rf1 Rb8 28. g3 Kg7 29. Qa4 h5 30. h4 Rb4 31. Qxa5 Qc3 0-1

[Event "SRB-ch Semifinal 2022"]
[Site "Paracin"]
[Date "2022.03.19"]
[Round "4.3"]
[White "Milosevic, Milos"]
[Black "Radovanovic, Nikola"]
[Result "1/2-1/2"]
[ECO "B90"]
[WhiteElo "2296"]
[BlackElo "2413"]
[Annotator "ChessBase"]
[PlyCount "29"]
[EventDate "2022.03.17"]
[EventType "swiss"]
[EventCountry "SRB"]
[SourceTitle "playchess.com"]
[Source "ChessBase"]
[SourceQuality "1"]
[TimeControl "40/5400+30:1800+30"]

1. e4 c5 2. Nf3 d6 3. d4 cxd4 4. Nxd4 Nf6 5. Nc3 a6 6. Be3 e5 7. Nf3 Qc7 8. a4 Be6 9. a5 Nbd7 10. Be2 Be7 11. O-O O-O 12. Nd5 Nxd5 13. exd5 Bf5 14. c4 Bg6 15. b4 1/2-1/2

[Event "SRB-ch Semifinal 2022"]
[Site "Paracin"]
[Date "2022.03.19"]
[Round "4.6"]
[White "Blagojevic, Tijana"]
[Black "Zivkovic, Nemanja"]
[Result "1/2-1/2"]
[ECO "B53"]
[WhiteElo "2260"]
[BlackElo "2380"]
[Annotator "NA"]
[PlyCount "117"]
[EventDate "2022.03.17"]
[EventType "swiss"]
[EventCountry "SRB"]
[SourceTitle "playchess.com"]
[Source "ChessBase"]
[SourceQuality "1"]
[TimeControl "40/5400+30:1800+30"]

1. e4 c5 2. Nf3 d6 3. d4 cxd4 4. Qxd4 a6 5. Be2 Nf6 6. O-O e6 7. c4 Nbd7 8. Nc3 Qc7 9. h3 Be7 10. Rd1 b6 11. b3 Bb7 12. Ba3 Nc5 13. Nd2 O-O 14. Bf3 Rfd8 15. Bb2 Rac8 16. Rac1 Ne8 17. Nf1 Bf6 18. Qe3 Qb8 19. Ng3 g6 20. b4 Nd7 21. Na4 Bxb2 22. Nxb2 b5 23. Be2 Bc6 $11 24. a3 Qb6 25. Qg5 Qb7 26. f3 Ndf6 27. Kh2 Kg7 28. e5 dxe5 29. Qxe5 bxc4 30. Nxc4 Bb5 31. Na5 Qb6 32. Bxb5 axb5 33. Ne4 Rxc1 34. Rxc1 Rd5 35. Qc3 Qb8+ 36. Kh1 Qf4 37. Nb3 Nd6 38. Nbc5 Ndxe4 39. Nxe4 e5 40. Nxf6 Qxf6 41. Qe3 Qd6 42. Rc5 h5 43. Qc3 h4 44. f4 f6 45. Rc6 Rd1+ 46. Kh2 Qd5 47. Qc5 Qxc5 48. Rxc5 Rd3 49. fxe5 fxe5 50. Rxe5 Rxa3 51. Rxb5 Rb3 52. Rb8 Rb1 53. b5 Kh6 54. b6 Kg5 55. b7 Rb4 56. Kg1 Rb2 57. Kf1 Rb1+ 58. Ke2 Rb2+ 59. Kf3 1/2-1/2

[Event "SRB-ch Semifinal 2022"]
[Site "Paracin"]
[Date "2022.03.19"]
[Round "4.8"]
[White "Gajcin, Marina"]
[Black "Todorovic, Nenad I"]
[Result "1/2-1/2"]
[ECO "B98"]
[WhiteElo "2254"]
[BlackElo "2311"]
[Annotator "NA"]
[PlyCount "64"]
[EventDate "2022.03.17"]
[EventType "swiss"]
[EventCountry "SRB"]
[SourceTitle "playchess.com"]
[Source "ChessBase"]
[SourceQuality "1"]
[TimeControl "40/5400+30:1800+30"]

1. e4 c5 2. Nf3 d6 3. d4 cxd4 4. Nxd4 Nf6 5. Nc3 $14 a6 6. Bg5 e6 7. f4 h6 8. Bh4 Be7 9. Qf3 Nc6 10. O-O-O Nxd4 11. Rxd4 Qb6 12. Rd1 Qc5 13. Bf2 Qa5 14. Kb1 Bd7 15. Bd3 Bc6 16. Qh3 b5 17. e5 dxe5 18. fxe5 Nd5 19. Nxd5 Bxd5 20. b3 Bb4 21. Bd4 Rc8 22. Rhf1 Bc3 23. Bxc3 Qxc3 24. Qh5 O-O 25. Rf4 a5 26. Rg4 f5 27. exf6 Rxf6 28. Rg3 Qc5 29. Qg4 Rc7 30. Qh5 Rc8 31. Qg4 Rc7 32. Qh5 Rc8 1/2-1/2

[Event "SRB-ch Semifinal 2022"]
[Site "Paracin"]
[Date "2022.03.19"]
[Round "4.9"]
[White "Djokic, Mihailo"]
[Black "Ivanovic, Marko"]
[Result "1/2-1/2"]
[ECO "B12"]
[WhiteElo "2279"]
[BlackElo "2302"]
[Annotator "NA"]
[PlyCount "83"]
[EventDate "2022.03.17"]
[EventType "swiss"]
[EventCountry "SRB"]
[SourceTitle "playchess.com"]
[Source "ChessBase"]
[SourceQuality "1"]
[TimeControl "40/5400+30:1800+30"]

1. e4 c6 2. d4 d5 3. e5 c5 4. dxc5 e6 5. Bd3 Bxc5 6. Nf3 Nc6 7. O-O f6 8. Qe2 fxe5 9. Nxe5 Nxe5 10. Qxe5 Nf6 11. Nd2 O-O 12. Nf3 Qb6 13. Be3 Bxe3 14. fxe3 Bd7 15. Qd4 Qc7 16. Ne5 a6 17. a4 Bc6 18. Rf3 Nd7 19. Nxd7 Rxf3 20. gxf3 Qxd7 21. b3 Qd6 22. f4 Re8 23. Rf1 e5 24. fxe5 Rxe5 25. Rf2 Qe7 26. Rf3 h5 27. h4 Bd7 28. Qa7 Bg4 29. Rf2 Qe8 30. Qxb7 Rxe3 31. Qxd5+ Be6 32. Qg5 Bxb3 33. Bg6 Re1+ 34. Rf1 Rxf1+ 35. Kxf1 Bf7 36. Qd5 Bxd5 37. Bxe8 a5 38. c3 Kf8 39. Bxh5 Bb3 40. Ke2 Bxa4 41. Kd3 Ke7 42. Ke4 1/2-1/2

[Event "SRB-ch Semifinal 2022"]
[Site "Paracin"]
[Date "2022.03.19"]
[Round "4.10"]
[White "Mijatovic, Dusan"]
[Black "Kojovic, Dragan"]
[Result "1/2-1/2"]
[ECO "B11"]
[WhiteElo "2165"]
[BlackElo "2298"]
[Annotator "NA"]
[PlyCount "80"]
[EventDate "2022.03.17"]
[EventType "swiss"]
[EventCountry "SRB"]
[SourceTitle "playchess.com"]
[Source "ChessBase"]
[SourceQuality "1"]
[TimeControl "40/5400+30:1800+30"]

1. e4 c6 2. Nf3 d5 3. Nc3 dxe4 4. Nxe4 Nf6 5. Qe2 Nxe4 6. Qxe4 Qa5 7. Qf4 Qf5 8. Qe3 Qe6 9. b3 Qxe3+ 10. fxe3 Bf5 11. Bb2 e6 12. O-O-O a5 13. a3 Nd7 14. Be2 h6 15. Rhf1 Be7 16. d4 O-O 17. Rfe1 Rfc8 18. Bf1 Nf6 19. Nd2 c5 20. e4 Bg4 21. Be2 cxd4 22. Nc4 Ra6 23. Rxd4 Bc5 24. Rdd1 Bxe2 25. Rxe2 a4 26. Rd3 axb3 27. Rxb3 Bg1 28. Ne5 Bxh2 29. Rxb7 Bf4+ 30. Kb1 Bxe5 31. Bxe5 Rxa3 32. Bxf6 gxf6 33. Rf2 Kg7 34. e5 f5 35. g4 fxg4 36. Rfxf7+ Kg6 37. Rf6+ Kg5 38. Rg7+ Kh4 39. Rxh6+ Kg3 40. Rxe6 Re3 1/2-1/2

[Event "SRB-ch Semifinal 2022"]
[Site "Paracin"]
[Date "2022.03.19"]
[Round "4.11"]
[White "Manakova, Maria"]
[Black "Srdanovic, Jovana"]
[Result "1-0"]
[ECO "B92"]
[WhiteElo "2257"]
[BlackElo "2194"]
[Annotator "NA"]
[PlyCount "111"]
[EventDate "2022.03.17"]
[EventType "swiss"]
[EventCountry "SRB"]
[SourceTitle "playchess.com"]
[Source "ChessBase"]
[SourceQuality "1"]
[TimeControl "40/5400+30:1800+30"]

1. e4 c5 2. Nf3 d6 3. d4 cxd4 4. Nxd4 Nf6 5. Nc3 a6 6. Be2 e5 7. Nb3 h6 8. Be3 Be7 9. Nd5 Nxd5 10. Qxd5 Nd7 11. c4 Nf6 12. Qd3 O-O 13. O-O b5 14. Rac1 Be6 15. Nd2 Qb8 16. b3 Rd8 17. f4 bxc4 18. Nxc4 Bxc4 19. bxc4 Qc7 20. Qc2 Nd7 21. Kh1 Bf6 22. Bh5 exf4 23. Bxf4 Rab8 24. Qd1 Qc6 25. Qxd6 Qxe4 26. Qd5 Qxd5 27. cxd5 Rb5 28. Bc7 Rc8 29. Be2 Rxd5 30. Bxa6 Re8 31. a4 Nc5 32. Bc4 Rh5 33. a5 Ne6 34. Be2 Rd5 35. Bb6 Rd2 36. Bb5 Rb8 37. Bc4 Bd4 38. Bxd4 Rxd4 39. a6 Ra8 40. h3 Ra7 41. Kh2 Ng5 42. Rf2 Rxc4 43. Rxc4 Rxa6 44. Rc8+ Kh7 45. h4 Ne4 46. Rf4 Nf6 47. Rf8 Kg6 48. g4 Ra2+ 49. Kg3 Ra3+ 50. Rf3 Rxf3+ 51. Kxf3 h5 52. g5 Nh7 53. Ra8 f6 54. Kf4 fxg5+ 55. hxg5 h4 56. Kg4 1-0

[Event "SRB-ch Semifinal 2022"]
[Site "Paracin"]
[Date "2022.03.19"]
[Round "4.13"]
[White "Petrovic, Marija"]
[Black "Drljevic, Ljilja"]
[Result "1-0"]
[ECO "A40"]
[WhiteElo "1987"]
[BlackElo "2217"]
[Annotator "NA"]
[PlyCount "87"]
[EventDate "2022.03.17"]
[EventType "swiss"]
[EventCountry "SRB"]
[SourceTitle "playchess.com"]
[Source "ChessBase"]
[SourceQuality "1"]
[TimeControl "40/5400+30:1800+30"]

1. d4 g6 2. Bf4 Bg7 3. c3 d6 4. Nd2 e5 5. dxe5 dxe5 6. Bg3 Qe7 7. e4 Nh6 8. Bc4 O-O 9. Ngf3 Kh8 10. Qe2 Nd7 11. O-O f5 12. Bh4 Qe8 13. Ng5 Nb6 14. Bb3 f4 15. a4 Bf6 16. a5 Nd7 17. Ngf3 Bxh4 18. Nxh4 Qe7 19. Nhf3 g5 20. Rfd1 g4 21. Ne1 Nc5 22. Bc4 a6 23. Nf1 Ne6 24. Rd5 Ng5 25. Nd3 Nhf7 26. Nb4 Nd6 27. Nd2 Be6 28. Rxe5 Qf6 29. Rxe6 Nxe6 30. e5 f3 31. Qe1 Qg7 32. Bxe6 Nf5 33. Qe4 Qg5 34. Nf1 Rae8 35. Bxf5 Rxf5 36. Nd3 h5 37. e6 Rf6 38. Re1 h4 39. Qe5 Qh6 40. e7 Kg8 41. Qd5+ Kh8 42. Re5 Rd6 43. Qf7 Qg6 44. Rh5+ 1-0

[Event "SRB-ch Semifinal 2022"]
[Site "Paracin"]
[Date "2022.03.19"]
[Round "4.14"]
[White "Jurisic, Iskra"]
[Black "Chelushkina, Irina"]
[Result "0-1"]
[ECO "A69"]
[WhiteElo "1827"]
[BlackElo "2183"]
[Annotator "NA"]
[PlyCount "58"]
[EventDate "2022.03.17"]
[EventType "swiss"]
[EventCountry "SRB"]
[SourceTitle "playchess.com"]
[Source "ChessBase"]
[SourceQuality "1"]
[TimeControl "40/5400+30:1800+30"]

1. d4 c5 2. d5 e6 3. c4 Nf6 4. Nc3 exd5 5. cxd5 d6 6. e4 g6 7. Nf3 Bg7 8. Be2 O-O 9. O-O a6 10. a4 Re8 11. Nd2 Nbd7 12. f4 c4 13. Bxc4 Nc5 14. f5 Ncxe4 15. fxg6 fxg6 16. Ndxe4 Nxe4 17. Nxe4 Rxe4 18. Bd3 Re8 19. Ra3 Bd7 20. Kh1 Be5 21. Bf4 Bxf4 22. Rxf4 Qg5 23. Rb4 Bg4 24. Qg1 Rac8 25. h3 Rc1 26. Rxg4 Rxg1+ 27. Kxg1 Qc1+ 28. Kh2 Re1 29. Bxg6 Rh1+ 0-1

[Event "SRB-ch Semifinal 2022"]
[Site "Paracin"]
[Date "2022.03.20"]
[Round "5.10"]
[White "Todorovic, Goran M"]
[Black "Gajcin, Marina"]
[Result "1/2-1/2"]
[ECO "B33"]
[WhiteElo "2336"]
[BlackElo "2254"]
[Annotator "NA RC"]
[PlyCount "72"]
[EventDate "2022.03.17"]
[EventType "swiss"]
[EventCountry "SRB"]
[SourceTitle "playchess.com"]
[Source "ChessBase"]
[SourceQuality "1"]
[TimeControl "40/5400+30:1800+30"]

1. e4 c5 2. Nf3 Nc6 3. d4 cxd4 4. Nxd4 Nf6 5. Nc3 e5 6. Ndb5 d6 7. Bg5 a6 8. Na3 b5 9. Bxf6 gxf6 10. Nd5 Bg7 11. c3 f5 12. Bd3 Ne7 13. Nxe7 Qxe7 14. O-O O-O 15. Nc2 f4 16. a4 Qb7 17. axb5 axb5 18. Rxa8 Qxa8 19. Nb4 Bb7 20. Re1 f5 21. f3 ({But not} 21. exf5 Bxg2 22. Bxb5 Rxf5 23. Bc4+ (23. Qg4 Rf6 $15) 23... Kh8 $11) 21... Kh8 22. Kh1 $14 Bf6 23. Bc2 Rd8 24. Qd3 Qa7 25. Qxb5 fxe4 26. fxe4 f3 27. gxf3 Bh4 28. Rf1 Bc8 29. Nc6 Qd7 30. Bb3 Rf8 31. Rg1 Qe8 32. Qc4 Bh3 33. Qd5 Bf2 34. Rg5 Bh4 35. Rg1 Bf2 36. Rg5 Bh4 1/2-1/2

[Event "SRB-ch Semifinal 2022"]
[Site "Paracin"]
[Date "2022.03.21"]
[Round "7.2"]
[White "Radovanovic, Nikola"]
[Black "Djordjevic, Vuk"]
[Result "1/2-1/2"]
[ECO "E15"]
[WhiteElo "2413"]
[BlackElo "2382"]
[Annotator "NA"]
[PlyCount "202"]
[EventDate "2022.03.17"]
[EventType "swiss"]
[EventCountry "SRB"]
[SourceTitle "playchess.com"]
[Source "ChessBase"]
[SourceQuality "1"]
[TimeControl "40/5400+30:1800+30"]

1. d4 Nf6 2. c4 e6 3. Nf3 b6 4. g3 Ba6 5. b3 Bb4+ 6. Bd2 Be7 7. Bg2 c6 8. O-O d5 9. Ne5 Nfd7 10. Bc3 Nxe5 11. dxe5 dxc4 12. Nd2 cxb3 13. axb3 Bb5 $11 14. Re1 O-O 15. Qc2 Na6 16. Ne4 Nb4 17. Bxb4 Bxb4 18. Red1 Qc7 19. Nd6 Bxd6 20. exd6 Qd7 21. b4 Rac8 22. e4 c5 23. Qc3 cxb4 24. Qxb4 Rc5 25. Qb2 e5 26. h4 Rfc8 27. Qa3 a6 28. Qb2 Qe6 29. Rd2 Rd8 30. Rad1 Qc4 31. Rd5 f6 32. R5d2 Qc3 33. Qb1 Kf8 34. Bf1 Rd7 35. Bxb5 axb5 36. Rb2 Rc6 37. Rxb5 Rcxd6 38. Rxd6 Rxd6 39. Rxb6 Rxb6 40. Qxb6 Qe1+ 41. Kh2 Qxe4 42. Qd8+ Kf7 43. h5 Qc6 44. g4 h6 45. Kg3 Qe6 46. Qc7+ Kg8 47. Qb8+ Kh7 48. Qb1+ Kh8 49. f3 Qe8 50. Qf5 Kg8 51. Kg2 Qc6 52. Kg3 Kf8 53. Qd3 Qe8 54. Qf5 Qb8 55. Kg2 Qb2+ 56. Kg3 Qb4 57. Qc8+ Kf7 58. Qd7+ Qe7 59. Qd5+ Ke8 60. Qa8+ Qd8 61. Qc6+ Qd7 62. Qa8+ Ke7 63. Qa3+ Ke8 64. Qa8+ Kf7 65. Qa2+ Kf8 66. Qa3+ Qe7 67. Qd3 Qe8 68. Qf5 Qc6 69. Qd3 Qb6 70. Qd7 e4 71. fxe4 Qe3+ 72. Kh4 Qxe4 73. Qd8+ Kf7 74. Qd7+ Kg8 75. Qc8+ Kf7 76. Qd7+ Qe7 77. Qd5+ Qe6 78. Qb7+ Kf8 79. Qb8+ Qe8 80. Qd6+ Kg8 81. Qd5+ Kh8 82. Qf5 Qc6 83. Kh3 Qc3+ 84. Kg2 Qd2+ 85. Kh3 Qe3+ 86. Kg2 Kg8 87. Qd5+ Kf8 88. Qd8+ Qe8 89. Qd6+ Qe7 90. Qb8+ Kf7 91. Qb3+ Ke8 92. Qb8+ Qd8 93. Qb5+ Qd7 94. Qb8+ Ke7 95. Qb4+ Qd6 96. Qb7+ Ke6 97. Qxg7 Qd5+ 98. Kg3 Qd3+ 99. Kf4 Qd4+ 100. Kf3 Qd1+ 101. Kf4 Qd4+ 1/2-1/2